 Dungeon Crawl Stone Soup version 0.31-a0-210-gccc998df9b (webtiles) character file.

Game seed: 12996690741676232184

7 Ijustatesigmund the Stinger (level 2, 0/18 HPs)
             Began as an Octopode Venom Mage on June 29, 2023.
             Slain by a jackal (2 damage)
             ... on level 1 of the Dungeon.
             The game lasted 00:00:34 (211 turns).

Ijustatesigmund the Stinger (Octopode Venom Mage)    Turns: 211, Time: 00:00:34

Health: 0/18       AC:  1    Str:  7    XL:     2   Next: 0%
Magic:  1/5        EV: 13    Int: 17    God:
Gold:   37         SH:  0    Dex: 12    Spells: 4/5 levels left

rFire   . . .        c - +0 whip
rCold   . . .        (no shield)
rNeg    . . .        (helmet restricted)
rPois   .            (no amulet)
rElec   .            (no ring)
rCorr   .            (no ring)
SInv    .            (no ring)
Will    .....        (no ring)
Stlth   +++          (no ring)
HPRegen 0.23/turn    (no ring)
MPRegen 0.09/turn    (no ring)
                     (no ring)

%: no passive effects
@: attractive, invisible
A: almost no armour, amphibious, 8 rings, camouflage 1, gelatinous body 1,
(nimble swimmer 1), tentacles
a: no special abilities


You were on level 1 of the Dungeon.
You visited 1 branch of the dungeon, and saw 1 of its levels.

You collected 37 gold pieces.

Inventory:

Hand Weapons
 c - a +0 whip (weapon)
Scrolls
 d - 3 scrolls of fear {unknown}
 e - a scroll of amnesia {unknown}
 f - a scroll of identify {unknown}
 h - a scroll of fog {unknown}
Potions
 a - a potion of magic


   Skills:
 + Level 0.6 Fighting
 - Level 2.0 Dodging
 - Level 2.6 Stealth
 + Level 2.2 Spellcasting
 - Level 1.0 Transmutations
 + Level 3.8 Poison Magic


You had 4 spell levels left.
You knew the following spells:

 Your Spells              Type           Power      Damage    Failure   Level
a - Sting                 Tmut/Pois      40%        1d5       7%          1

Your spell library contained the following spells:

 Spells                   Type           Power      Damage    Failure   Level
 Poisonous Vapours        Pois/Air       16%        N/A       13%         2
 Mephitic Cloud           Conj/Pois/Air  6%         N/A       32%         3
 Olgreb's Toxic Radiance  Pois           15%        N/A       36%         4


Dungeon Overview and Level Annotations

Branches:
Dungeon (1/15)

Altars:


Innate Abilities, Weirdness & Mutations

You cannot wear most types of armour.
You are amphibious.
You can wear up to eight rings at the same time.
Your skin changes colour to match your surroundings (Stealth+).
Your rubbery body absorbs attacks. (AC +1, EV +1)
((You are camouflaged when in or above water. (Stealth+)))
You have tentacles for arms and can constrict up to eight enemies at once.


Message History

The jackal barks!
You hear a bark!
The goblin shouts!
The jackal barks!
Casting: Sting (safe; 7% risk of failure)
Confirm with . or Enter, or press ? or * to list all spells.
Aiming: Sting (safe; 7% risk of failure)
Press: ? - help, Shift-Dir - straight line, f/p - jackal
Aim: a jackal (heavily wounded, poisoned, 64% to hit)
The sting hits the jackal but does no damage.
The jackal looks even sicker.
The jackal is heavily wounded.
A jackal comes into view.
You barely miss the jackal.
The jackal barks!
You grab the jackal.
The jackal is heavily wounded.
You constrict the jackal, but do no damage.
The jackal bites you. x2
You barely miss the jackal.
The jackal is heavily wounded.
You constrict the jackal, but do no damage.
The jackal bites you. The jackal barely misses you. The jackal bites you.
You are too injured to fight recklessly!
You are too injured to fight recklessly!
You hit the jackal. You squeeze the jackal.
You kill the jackal!
The jackal bites you.
* * * LOW HITPOINT WARNING * * *
You have reached level 2!
You hit the jackal. Your grab misses the jackal.
Your squeeze misses the jackal.
The jackal is almost dead.
The jackal closely misses you. x2; The jackal misses you.
The jackal bites you.
* * * LOW HITPOINT WARNING * * *
It was a potion of attraction.
You feel attractive to monsters.
The jackal bites you but does no damage.
The jackal closely misses you.
It was a potion of invisibility.
You fade into invisibility!
The jackal closely misses you. The jackal bites you.
You die...

#......... #.. #..
#......... #.. #..
#......... .... ###...
#...[....) ###.. ......
#.......... #..
#....##.......... #..
##.....#.......... ##..
......h#...........##...
.....gh@...........##...
..#...##...........##...
..... ##...)###...##...
.~.. #..#.....#......
⌠~. #.....#....#.... ~.
##.#.....#...... .
#.....#........
#######..####....
..........###.#..


You could see 2 jackals and a goblin (unable to see you).

Vanquished Creatures
  3 ball pythons (D:1)
  A jackal (D:1)
  A bat (D:1)
  A rat (D:1)
6 creatures vanquished.

Notes
Turn   | Place    | Note
-------+----------+-------------------------------------------
     0 | D:1      | Ijustatesigmund the Octopode Venom Mage began the quest for
                  | the Orb.
     0 | D:1      | Reached XP level 1. HP: 11/11 MP: 3/3
   209 | D:1      | Reached XP level 2. HP: 4/18 MP: 1/5
   211 | D:1      | Slain by a jackal

Illustrated notes

Levels and vault maps discovered:
D:1:      minmay_arrival_stone_box, layout_basic, serial_shops, shop,
          minmay_misc_feat_five, corexii_leaking_fountain, hex_tiny

Action                     || total
---------------------------++-------
  Melee: Whip              ||    15
         Constrict         ||     5
         Tentacles         ||     2
   Cast: Sting             ||     2
    Use: Potion            ||     2
   Stab: Sleeping          ||     1
 Armour: Skin              ||     4
  Dodge: Dodged            ||    21

Table legend: (Time is in decaauts)
 A = Elapsed time spent in this place.
 B = Non-inter-level travel time spent in this place.
 C = Inter-level travel time spent in this place.
 D = Time resting spent in this place.
 E = Time spent auto-exploring this place.
 F = Levels seen in this place.
 G = Mean time per level.
                   A        B        C        D        E       F      G
               +--------+--------+--------+--------+--------+-----+--------+
         Total |    212 |    212 |      0 |      0 |    156 |   1 |  212.0 |
       Dungeon |    212 |    212 |      0 |      0 |    156 |   1 |  212.0 |
               +--------+--------+--------+--------+--------+-----+--------+

Top non-repeatable levels by time:
     D:1: 212 daAuts
